 Dungeon Crawl Stone Soup version 0.28.0-1-gb440e238dd (webtiles) character file.

Game seed: 1786037731376304395

26 Snicker the Sneak (level 2, -6/22 (24) HPs)
             Began as a Demonspawn Delver on Feb 21, 2022.
             Mangled by Crazy Yiuf (7 damage)
             ... on level 6 of the Dungeon.
             The game lasted 00:01:30 (221 turns).

Snicker the Sneak (Demonspawn Delver)                Turns: 221, Time: 00:01:31

HP:   -6/22 (24)    AC:  3    Str: 12    XL:     2   Next: 89%
MP:   0/2           EV: 11    Int: 11    God:
Gold: 33            SH:  0    Dex: 14    Spells: 1/1 levels left

rFire   . . .      SeeInvis .   a - +0 short sword
rCold   . . .      Faith    .   (no shield)
rNeg    . . .      Spirit   .   e - +0 leather armour
rPois   .          Reflect  .   (no helmet)
rElec   .          Harm     .   (no cloak)
rCorr   .          Rampage  .   (no gloves)
Will    .....                   (no boots)
Stlth   +++.......              (no amulet)
HPRegen 0.07/turn               (no ring)
MPRegen 0.08/turn               (no ring)

@: drained
A: powered by death 1
a: no special abilities


You were on level 6 of the Dungeon.
You visited 1 branch of the dungeon, and saw 3 of its levels.

You collected 33 gold pieces.

Inventory:

Hand Weapons
 a - a +0 short sword (weapon)
 b - a +4 mace
Armour
 e - a +0 leather armour (worn)
Wands
 g - a wand of digging (3)
Scrolls
 c - 2 scrolls of fog
 d - a scroll of magic mapping
 i - 2 scrolls of teleportation {unknown}
Potions
 f - a potion of haste
 h - a potion of mutation {unknown}
 j - a potion of brilliance {unknown}


   Skills:
 + Level 3.0 Fighting
 * Level 1.8 Short Blades
 + Level 1.8 Dodging
 * Level 5.3 Stealth


You had one spell level left.
You didn't know any spells.
Your spell library was empty.

Dungeon Overview and Level Annotations

Branches:
Dungeon (7/15)
 Temple: D:4-7

Altars:

Annotations:
D:6 Blork the orc, Crazy Yiuf


Innate Abilities, Weirdness & Mutations

You regenerate a little health from kills.


Message History

Unknown command.
The orc priest begins to cast a cantrip, but forgets the words!
You climb upwards.
Level annotation: Blork the orc
There is a stone staircase leading down here.
Unknown command.
You see here a +0 mace.
You see here a +0 mace.
You see here a +0 mace.
Found a mace.
Found a runed translucent door.
You open the door.
There is an open translucent door here.
The helpless Crazy Yiuf fails to defend himself.
You puncture Crazy Yiuf!
Crazy Yiuf is severely wounded.
Crazy Yiuf closely misses you.
You hit Crazy Yiuf but do no damage.
Crazy Yiuf is severely wounded.
Crazy Yiuf barely misses you.
You barely miss Crazy Yiuf.
Crazy Yiuf is severely wounded.
Crazy Yiuf closely misses you.
You barely miss Crazy Yiuf.
Crazy Yiuf is severely wounded.
Crazy Yiuf hits you with a +2 quarterstaff of chaos!
You hit Crazy Yiuf.
Crazy Yiuf is almost dead.
Crazy Yiuf hits you with a +2 quarterstaff of chaos!
You feel your power leaking away.
You hit Crazy Yiuf.
Crazy Yiuf is almost dead.
Crazy Yiuf hits you with a +2 quarterstaff of chaos!
* * * LOW HITPOINT WARNING * * *
You feel drained.
* * * LOW HITPOINT WARNING * * *
Unknown command.
You completely miss Crazy Yiuf.
Crazy Yiuf is almost dead.
Crazy Yiuf hits you with a +2 quarterstaff of chaos!
You die...

### ..# ..#
..####### #####
####))#)## ###..)#
...>.).))####.'.@g#
###.)..)).#..##...#
#.#)#).#.########
###.######## .....#
##...### ........
.##..... ........


You could see Crazy Yiuf.

Vanquished Creatures
  An orc wizard (D:7)
  An orc (D:7)
2 creatures vanquished.

Notes
Turn   | Place    | Note
-------+----------+-------------------------------------------
     0 | D:5      | Snicker the Demonspawn Delver began the quest for the Orb.
     0 | D:5      | Reached XP level 1. HP: 18/18 MP: 1/1
    85 | D:6      | Noticed a water moccasin
   147 | D:6      | Noticed Blork the orc
   191 | D:7      | Noticed an orc wizard
   191 | D:7      | Noticed an orc wizard
   196 | D:7      | Killed an orc wizard
   196 | D:7      | Noticed an orc priest
   197 | D:7      | Reached skill level 5 in Stealth
   197 | D:7      | Gained mutation: You regenerate a little health from kills.
                  | [demonic ancestry]
   197 | D:7      | Reached XP level 2. HP: 24/24 MP: 2/2
   207 | D:6      | Found a runed translucent door.
   208 | D:6      | Noticed Crazy Yiuf
   220 | D:6      | HP: 1/22 [Crazy Yiuf (2)]
   221 | D:6      | Mangled by Crazy Yiuf

Illustrated notes

Levels and vault maps discovered:
D:5:      layout_rooms, nicolae_ossuary_entry_giza
D:6:      hellmonk_ruined_rings, layout_basic, minmay_temple_entry_junction_2,
          uniq_crazy_yiuf_cottage, uniq_blork_the_orc
D:7:      layout_loops_ring, enter_bailey_4, uniq_prince_ribbit1

Skill      XL: |  1 |
---------------+----+-----
Stealth        | 5 |  5.3
Fighting       | |  3.0
Short Blades   | |  1.8
Dodging        | |  1.8

Action                   || total
-------------------------++-------
Melee: Short sword       ||     9
  Use: Scroll            ||     1
 Stab: Sleeping          ||     3
Dodge: Dodged            ||     3
